 Dungeon Crawl Stone Soup version 0.21.1-1-g345015f (webtiles) character file.

124 IVIUSE the Skirmisher (level 4, -8/37 HPs)
             Began as a Demonspawn Chaos Knight on July 8, 2018.
             Mangled by a gnoll
             ... wielding a +0 spear
              (9 damage)
             ... on level 2 of the Dungeon.
             The game lasted 00:04:56 (1409 turns).

IVIUSE the Skirmisher (Demonspawn Chaos Knight)     Turns: 1409, Time: 00:04:57

Health: -8/37      AC:  7    Str: 12 (13) XL:     4   Next: 81%
Magic:  4/4        EV:  9    Int: 16 (19) God:    Xom [..*...]
Gold:   135        SH:  0    Dex: 15 (17) Spells: 3/3 levels left

rFire    . . .     SeeInvis .   a - +0 spear (chaos)
rCold    . . .     Gourm    .   (no shield)
rNeg     . . .     Faith    +   b - +2 leather armour
rPois    .         Spirit   .   (no helmet)
rElec    .         Reflect  .   (no cloak)
rCorr    .         Harm     .   (no gloves)
MR       .....                  (no boots)
Stlth    ++++......             o - amulet of faith
HPRegen  0.12/turn              (no ring)
MPRegen  0.09/turn              (no ring)

@: brilliant, agile, held
A: icy blue scales 1, nightstalker 1
a: Renounce Religion


You were on level 2 of the Dungeon.
You worshipped Xom.
You were a toy of Xom.
You were hungry.

You visited 1 branch of the dungeon, and saw 2 of its levels.

You collected 135 gold pieces.

Inventory:

Hand Weapons
 a - a +0 spear of chaos (weapon)
Armour
 b - a +2 leather armour (worn)
Jewellery
 o - an amulet of faith (around neck)
Scrolls
 e - a scroll of magic mapping
 f - a scroll of amnesia {unknown}
 h - a scroll of random uselessness {unknown}
 i - 2 scrolls of teleportation {unknown}
 j - 3 scrolls of identify {unknown}
 m - a scroll of immolation {unknown}
 n - 2 scrolls of noise {unknown}
 q - a scroll of remove curse {unknown}
Potions
 d - a potion of agility
 l - a potion of mutation {unknown}
 p - 2 potions of might {unknown}
Comestibles
 c - 7 rations


   Skills:
 * Level 4.2 Fighting
 - Level 2.6 Polearms
 * Level 2.8 Armour
 * Level 1.8 Dodging
 + Level 1.3 Stealth


You had 3 spell levels left.
You didn't know any spells.

Dungeon Overview and Level Annotations

Branches:
Dungeon (2/15)

Altars:
Qazlal
Trog

Annotations:
D:2 Trog, 1 runed door


Innate Abilities, Weirdness & Mutations

You are partially covered in icy blue scales. (AC +2)
You are slightly more attuned to the shadows.


Message History

The quokka is moderately wounded.
The quokka closely misses you. The gnoll closely misses you.
You closely miss the quokka.
The quokka is moderately wounded.
The quokka closely misses you.
The gnoll hits you from afar with a spear.
* * * LOW HITPOINT WARNING * * *
You hit the quokka. You freeze the quokka.
You kill the quokka!
The gnoll hits you but does no damage.
The gnoll throws a throwing net.
The throwing net hits you.
You become entangled in the net!
You see here a throwing net.
You struggle against the net.
It was a potion of degeneration.
There was something very wrong with that liquid.
You feel weakened.
You feel dopey.
You feel clumsy.
The gnoll hits you from afar with a spear!
You die...
Xom is highly amused!

*,***,**,*,*.###.....##..##.##
*,**,,,*,*,*,*##..##.##..##.#
*>,,,,,,,*,#.*#.#.###.......#
*,**,,,,**,#.*##).##.##..##.#
*,***,*,*#,#.* ##.#..##..##.##
*,* *,*,*#.#.* #........###..
*,* *,*.##.#.## ##.#.###.#E#..
*,* *,*..<....# #...# #.###..
*,* *,,......@# ###.# #......
*,*****####.#.# #.# #....._
*,,,* #.#g# #.# #...... ***,*
#.(.######.# #.###.. *,*
#.)........# #.#E#..
*,******##.#######.###.###..
*,,,,,,,..[* #.#.....###
*******###.** #.#.###.###
**..,* #.#(# #...†


You could see a gnoll.

Vanquished Creatures
  Jessica (D:2)
  3 adders (D:2)
  2 gnolls (D:2)
  A worm (D:2)
  4 leopard geckos
  An orc (D:2)
  A giant cockroach (D:1)
  6 hobgoblins
  4 quokkas (D:2)
  2 ball pythons (D:2)
  4 bats
  6 frilled lizards
  4 goblins
  2 kobolds (D:2)
  7 rats
48 creatures vanquished.

Notes
Turn   | Place    | Note
-------+----------+-------------------------------------------
     0 | D:1      | IVIUSE the Demonspawn Chaos Knight began the quest for the Orb.
     0 | D:1      | Reached XP level 1. HP: 18/18 MP: 1/1
   150 | D:1      | XOM: potion effect (haste)
   153 | D:1      | Reached skill level 1 in Dodging
   165 | D:1      | XOM: potion effect (haste)
   229 | D:1      | Gained mutation: You are partially covered in icy blue scales. (AC +2) [demonic ancestry]
   229 | D:1      | Reached XP level 2. HP: 22/24 MP: 2/2
   442 | D:1      | XOM: harmless Tloc miscast
   627 | D:2      | Gained mutation: You are slightly more attuned to the shadows. [demonic ancestry]
   627 | D:2      | Reached XP level 3. HP: 16/30 MP: 3/3
   721 | D:2      | XOM: silly message
   917 | D:2      | XOM: harmless Air miscast
   918 | D:2      | Reached skill level 4 in Fighting
   928 | D:2      | Found a bloodstained altar of Trog.
   948 | D:2      | Reached XP level 4. HP: 29/37 MP: 4/4
   989 | D:2      | Noticed Jessica
  1001 | D:2      | Killed Jessica
  1160 | D:2      | Noticed a fire elemental
  1161 | D:2      | Found a stormy altar of Qazlal.
  1163 | D:2      | Noticed a water elemental
  1171 | D:2      | Noticed an earth elemental
  1171 | D:2      | Noticed an air elemental
  1184 | D:2      | Reached skill level 1 in Stealth
  1283 | D:2      | Found a runed door.
  1295 | D:2      | XOM: divination: detect creatures
  1402 | D:2      | XOM: potion effect (brilliance)
  1405 | D:2      | HP: 1/37 [gnoll/spear (5)]
  1409 | D:2      | Mangled by a gnoll

Skill      XL: |  1  2  3  4 |
---------------+-------------+-----
Dodging        | 1 |  1.8
Armour         | 2 |  2.8
Fighting       | 4 |  4.2
Stealth        | 1 |  1.3
Polearms       | |  2.6

Action                   |  1- 3 |  4- 6 || total
-------------------------+-------+-------++-------
Melee: Spear             |   117 |    43 ||   160
  Use: Potion            |       |     4 ||     4
       Scroll            |       |     1 ||     1
 Stab: Sleeping          |     6 |     6 ||    12
       Paralysed         |     1 |       ||     1
  Eat: Chunk             |       |     1 ||     1
Armor: Leather armour    |    13 |    10 ||    23
Dodge: Dodged            |    33 |    15 ||    48
